 Seeded DCSS version 0.29.1-12-g30fa7ad0bf (webtiles) character file.

Game seed: 6386565030179015813 (custom seed)

92 GigaChad the Shooter (level 4, 38/38 HPs)
             Began as a Minotaur Hunter on Jan 12, 2023.
             Quit the game on level 3 of the Dungeon.
             The game lasted 00:04:21 (2357 turns).

GigaChad the Shooter (Minotaur Hunter)              Turns: 2357, Time: 00:04:22

Health: 38/38      AC:  8    Str: 18    XL:     4   Next: 35%
Magic:  3/3        EV:  7    Int:  6    God:
Gold:   139        SH:  0    Dex: 13    Spells: 3/3 levels left

rFire   . . .      SeeInvis .   l - +0 triple crossbow
rCold   . . .      Faith    .   (shield currently unavailable)
rNeg    . . .      Spirit   .   m - +0 chain mail
rPois   .          Reflect  .   (helmet restricted)
rElec   .          Harm     .   (no cloak)
rCorr   .          Rampage  .   (no gloves)
Will    +....                   (no boots)
Stlth   ..........              (no amulet)
HPRegen 0.12/turn               f - ring of willpower
MPRegen 0.08/turn               (no ring)

@: no status effects
A: horns 2, retaliatory headbutt
a: no special abilities


You were on level 3 of the Dungeon.
You visited 1 branch of the dungeon, and saw 3 of its levels.

You collected 139 gold pieces.

Inventory:

Hand Weapons
 a - a +0 shortbow
 h - a +0 dagger
 i - a +0 short sword
 l - a +0 triple crossbow (weapon)
Armour
 c - a +0 leather armour
 e - a +3 scale mail
 m - a +0 chain mail (worn)
Jewellery
 f - a ring of willpower (left hand)
 g - a ring of flight
 n - an amulet of guardian spirit
Scrolls
 b - 3 scrolls of immolation
 p - a scroll of brand weapon {unknown}
 q - a scroll of identify {unknown}
Potions
 d - a potion of ambrosia {unknown}
 j - 3 potions of resistance {unknown}
 k - 4 potions of heal wounds {unknown}
 o - a potion of berserk rage {unknown}
 r - a potion of curing {unknown}


   Skills:
 + Level 3.1 Fighting
 + Level 0.3 Short Blades
 + Level 5.9 Ranged Weapons
 + Level 1.1 Armour
 + Level 2.3 Dodging
 + Level 0.7 Stealth


You had 3 spell levels left.
You didn't know any spells.
Your spell library contained the following spells:

 Spells                   Type           Power      Damage    Failure   Level
 Blink                    Tloc           0%         N/A       100%        2
 Lesser Beckoning         Tloc           0%         N/A       100%        3
 Manifold Assault         Tloc           0%         N/A       100%        5


Dungeon Overview and Level Annotations

Branches:
Dungeon (3/15)

Altars:


Innate Abilities, Weirdness & Mutations

You have a pair of horns on your head.
You reflexively headbutt those who attack you in melee.


Message History

The orc priest looks braver for a moment.
The orc barely misses you. You furiously retaliate!
You headbutt the orc.
The orc priest casts a cantrip, but nothing happens.
The orc barely misses you.
You shoot a bolt. The bolt closely misses the orc.
The bolt closely misses the orc priest.
The orc hits you with a +0 short sword. The orc hits you but does no damage.
You shoot a bolt. The bolt closely misses the orc.
The bolt closely misses the orc priest.
The orc hits you with a +0 short sword. The orc hits you but does no damage. x2
The orc attacks as you move away! The orc hits you with a +0 short sword.
You shoot a bolt. The bolt hits the orc!!
You kill the orc!
The orc priest invokes the aid of Beogh against you.
You resist with significant effort.
You shoot a bolt. The bolt barely misses the orc priest.
The orc priest hits you but does no damage.
The orc priest completely misses you.
You shoot a bolt. The bolt hits the orc priest!
The orc priest is severely wounded.
The orc priest casts a cantrip, but nothing happens.
The orc priest miscasts a cantrip.
The orc priest closely misses you.
You shoot a bolt. The bolt hits the orc priest!!
You kill the orc priest!
Your Armour skill increases to level 1!
You have reached level 4!
You feel stronger.
Items here: )) ††.
Things that are here:
a +0 club; a +0 dagger No target in view!
HP restored.
You see here a hobgoblin skeleton.
Found a leather armour.
Found a trident and 6 stones.
Found a stone staircase leading down.
Welcome back, GigaChad the Minotaur Hunter.
Game seed: 6386565030179015813 (custom seed) Press ? for a list of commands and other information.
Are you sure you want to abandon this character and quit the game? (Confirm with "yes".)

#.....# #.#.#...#
#.##.#.. #.....#
#.#.....# #.##.#..
#.....# #.#.#.#..
..##.#.. #######
#.#.#.### ####.#..
#.#.#.########.#.#
#.#.# #.......#.#
#.#.. +.........#
#.# #.......#.>
#@# #.......#.#
.)........#
#######.#.#
..........# #.#.#
...>...[..# #.#.#
..........# #.#.#
......#.#.. #+#.#
#$..#.....#. ..#
..#....#.(..#


There were no monsters in sight!

Vanquished Creatures
  An orc priest (D:3)
  A worm (D:2)
  3 orcs (D:3)
  5 bats
  9 endoplasms
  2 giant cockroaches
  2 goblins (D:2)
  7 hobgoblins
  2 quokkas (D:1)
  3 ball pythons
  2 frilled lizards (D:1)
  7 kobolds
  8 rats
52 creatures vanquished.

Vanquished Creatures (others)
  A plant (D:2)
1 creature vanquished.

Grand Total: 53 creatures vanquished

Notes
Turn   | Place    | Note
-------+----------+-------------------------------------------
     0 | D:1      | GigaChad the Minotaur Hunter began the quest for the Orb.
     0 | D:1      | Reached XP level 1. HP: 18/18 MP: 0/0
    56 | D:1      | Reached XP level 2. HP: 24/25 MP: 1/1
   183 | D:1      | Reached skill level 5 in Ranged Weapons
   502 | D:1      | Reached XP level 3. HP: 30/30 MP: 2/2
  1152 | D:2      | Found a faded altar of an unknown god.
  2170 | D:3      | Reached skill level 1 in Armour
  2170 | D:3      | Reached XP level 4. HP: 32/38 MP: 3/3
  2357 | D:3      | Quit the game

Illustrated notes

Levels and vault maps discovered:
D:1:      minmay_arrival_stair_chambers, layout_basic
D:2:      layout_loops_ring, serial_forest, infiniplex_forest_end_2,
          infiniplex_forest_lined_1, infiniplex_forest_clump_medium,
          infiniplex_forest_zigzag_1, infiniplex_forest_side_room,
          infiniplex_forest_clump_small, infiniplex_forest_straight_2,
          ebering_ecumenical_altar_sacrificial
D:3:      layout_basic, nicolae_kite_square_tiling_tiny, nrook_campfire

Skill      XL: |  1  2  3 |
---------------+----------+-----
Ranged Weapons | 5 |  5.9
Fighting       | 3 |  3.1
Armour         | 1 |  1.1
Short Blades   | |  0.3
Dodging        | |  2.3
Stealth        | |  0.7

Action                   |  1- 3 |  4- 6 || total
-------------------------+-------+-------++-------
Melee: Dagger            |     9 |       ||     9
       Headbutt          |     1 |       ||     1
       Short sword       |     8 |       ||     8
 Fire: Shortbow          |    74 |       ||    74
       Triple crossbow   |    37 |       ||    37
Armor: Scale mail        |    35 |       ||    35
       Leather armour    |     1 |       ||     1
       Chain mail        |    29 |       ||    29
Dodge: Dodged            |    54 |       ||    54
